 Dungeon Crawl Stone Soup version 0.20-a0-537-g052e6ba (webtiles) character file.

1779 Alarkh the Cleaver (level 8, 0/58 HPs)
             Began as a Demonspawn Monk on Jan 28, 2017.
             Was a Priest of Okawaru.
             Succumbed to an orange demon's poison
             ... on level 6 of the Dungeon.
             The game lasted 00:07:14 (5029 turns).

Alarkh the Cleaver (Demonspawn Monk)                Turns: 5029, Time: 00:07:15

Health: 0/58       AC: 12    Str: 11    XL:     8   Next: 81%
Magic:  7/8        EV: 13    Int: 14    God:    Okawaru [***...]
Gold:   295        SH:  0    Dex: 16    Spells: 7/7 levels left

rFire    . . .     SeeInvis +   a - +0 battleaxe
rCold    . . .     Gourm    .   b - +0 robe
rNeg     . . .     Faith    .   (shield currently unavailable)
rPois    .         Spirit   .   (no helmet)
rElec    .         Reflect  .   (no cloak)
rCorr    .         Harm     .   (no gloves)
MR       .....                  (no boots)
Stlth    ++........             I - amulet of rage
Regen    0.2/turn               g - ring of see invisible
                                f - +4 ring of protection

@: lethally poisoned (0 -> -12), sanguine armour, drained
A: talons 1, powered by death 3, sanguine armour 1
a: Heroism, Renounce Religion, Evoke Berserk Rage


You were on level 6 of the Dungeon.
You worshipped Okawaru.
Okawaru was most pleased with you.
You were not hungry.

You visited 2 branches of the dungeon, and saw 7 of its levels.

You collected 295 gold pieces.

Inventory:

Hand Weapons
 a - a +0 battleaxe (weapon)
 d - a +2 hand axe of freezing
 H - a +0 hand axe
Armour
 b - a +0 robe (worn)
Jewellery
 f - a +4 ring of protection (left hand)
 g - a ring of see invisible (right hand)
 h - an uncursed ring of protection from fire
 i - an uncursed ring of wizardry
 k - a +3 ring of strength
 y - the ring "Fito" {+Fly Dex+4}
   (You found it on level 4 of the Dungeon)

   [ring of flight]

   It affects your dexterity (+4).
   It lets you fly.
 G - an uncursed ring of fire
 I - an amulet of rage (around neck)
 J - an uncursed ring of teleportation
 L - a cursed -2 ring of evasion {unknown}
Wands
 m - a wand of iceblast (15/15)
 q - a wand of flame (19/48)
 C - a wand of paralysis (15/24)
Scrolls
 l - a scroll of immolation
 o - 2 scrolls of blinking {unknown}
 p - 2 scrolls of recharging
 r - a scroll of enchant weapon {unknown}
 s - a scroll of remove curse
 t - 3 scrolls of amnesia {unknown}
 w - a scroll of torment {unknown}
 x - a scroll of fear {unknown}
 z - a scroll of random uselessness
 E - 2 scrolls of magic mapping {unknown}
 K - a scroll of identify {unknown}
Potions
 A - 3 potions of curing
 B - a potion of lignification {unknown}
 D - a potion of invisibility {unknown}
Books
 e - a book of Changes

   Spells                             Type                      Level
   a - Beastly Appendage              Transmutation                1
   b - Sticks to Snakes               Transmutation                2
   c - Spider Form                    Transmutation/Poison         3
   d - Ice Form                       Ice/Transmutation            4
   e - Blade Hands                    Transmutation                5
 u - a book of Flames

   Spells                             Type                      Level
   a - Flame Tongue                   Conjuration/Fire             1
   b - Throw Flame                    Conjuration/Fire             2
   c - Conjure Flame                  Conjuration/Fire             3
   d - Inner Flame                    Hexes/Fire                   3
   e - Sticky Flame                   Conjuration/Fire             4
   f - Fireball                       Conjuration/Fire             5
Comestibles
 c - 5 bread rations
 n - 4 royal jellies
 v - 3 chunks of flesh
 F - 2 meat rations


   Skills:
 - Level 3.0(2.4) Fighting
 + Level 10.7(10.1) Axes
 - Level 2.6(2.1) Dodging
 - Level 1.7(1.2) Stealth


You had 7 spell levels left.
You didn't know any spells.

Dungeon Overview and Level Annotations

Branches:
Dungeon (6/15)             Temple (1/1) D:4

Altars:
Ashenzari
Cheibriados
Dithmenos
Fedhas
Gozag
Hepliaklqana
Kikubaaqudgha
Nemelex Xobeh
Okawaru
Qazlal
Ru
Sif Muna
Uskayaw
Vehumet
Xom
Yredelemnul
Zin
The Shining One
Lugonu

Annotations:
D:1 1 exclusion


Innate Abilities, Weirdness & Mutations

You have sharp toenails.
You regenerate a lot of health from kills.
When seriously injured, your bleeding wounds create armour. (AC +6)


Message History

The orange demon misses you.
The deep elf mage mumbles some strange words.
The orange demon stings you.
* * * LOW HITPOINT WARNING * * *
You are lethally poisoned!
The orange demon poisons you! The orange demon barely misses you.
You closely miss the deep elf mage.
The deep elf mage is almost dead.
You hit the orange demon. You hit the redback.
* * * LOW HITPOINT WARNING * * *
You feel sick. The redback barely misses you.
The deep elf mage mumbles some strange words.
The orange demon stings you!
* * * LOW HITPOINT WARNING * * *
The orange demon closely misses you.
You barely miss the deep elf mage.
You claw the deep elf mage, but do no damage.
The deep elf mage is almost dead.
You hit the orange demon. You hit the redback.
You die...

#..###########.# #
#......... #.# #
#........) #.# #
#..8######+++#.## #
#........'$s8#..# #
#..4..e..r.s.#..# #
##.r.....'...#..# #
#e8######+++#..# #
#.@........ #..####
#s4........ #.^....
#.###########...>..
#..................
##########.#.......
#.........
###....... #.......
#.......


You could see an orange demon, a deep elf mage, a red devil, a redback and a
hell rat.

Vanquished Creatures
  3 yaks (D:5)
  The ghost of Alarkh the Chopper, an amateur DsMo of Okawaru (D:4)
  An ice beast (D:5)
  An ogre (D:5)
  A phantom (D:6)
  The ghost of Alarkh the Chopper, an amateur DsMo (D:3)
  A centaur (D:5)
  2 bullfrogs (D:6)
  A wyvern zombie (D:6)
  A scorpion (D:5)
  5 wights (D:6)
  A jelly (D:5)
  A hound (D:6)
  2 iguanas
  An orc wizard (D:3)
  2 worker ants
  A hound zombie (D:6)
  2 hound skeletons
  5 adders
  An ooze (D:3)
  An adder zombie (D:6)
  2 worms
  3 dart slugs
  2 leopard geckos
  4 orcs
  19 bats
  2 giant cockroaches
  8 goblins
  7 hobgoblins
  A jackal (D:5)
  7 kobolds
  6 frilled lizards
  6 rats
102 creatures vanquished.

Notes
Turn   | Place    | Note
-------+----------+-------------------------------------------
     0 | D:1      | Alarkh the Demonspawn Monk began the quest for the Orb.
     0 | D:1      | Reached XP level 1. HP: 18/18 MP: 1/1
    31 | D:1      | Reached skill level 3 in Axes
   143 | D:1      | Gained mutation: You regenerate a little health from kills. [demonic ancestry]
   143 | D:1      | Reached XP level 2. HP: 22/24 MP: 2/2
   446 | D:1      | Gained mutation: You regenerate health from kills. [demonic ancestry]
   446 | D:1      | Reached XP level 3. HP: 29/29 MP: 3/3
   814 | D:2      | Reached skill level 4 in Axes
   904 | D:2      | Found a shattered altar of Ashenzari.
   994 | D:2      | Found a glowing golden altar of the Shining One.
  1345 | D:2      | Found a sacrificial altar of Ru.
  1806 | D:3      | Found a basalt altar of Yredelemnul.
  1929 | D:3      | Gained mutation: You regenerate a lot of health from kills. [demonic ancestry]
  1929 | D:3      | Reached XP level 4. HP: 21/35 MP: 4/4
  2038 | D:3      | Noticed Alarkh's ghost (amateur DsMo)
  2053 | D:3      | Reached skill level 5 in Axes
  2075 | D:3      | Killed Alarkh's ghost
  2075 | D:3      | Gained mutation: When seriously injured, your bleeding wounds create armour. (AC +6) [demonic ancestry]
  2075 | D:3      | Reached XP level 5. HP: 17/41 MP: 5/5
  2150 | D:3      | Reached skill level 6 in Axes
  2447 | D:3      | Found a hazy altar of Hepliaklqana.
  2558 | D:4      | Reached XP level 6. HP: 42/47 MP: 6/6
  2561 | D:4      | Noticed Alarkh's ghost (amateur DsMo)
  2568 | D:5      | Entered Level 5 of the Dungeon
  2599 | D:5      | Found a blossoming altar of Fedhas.
  2601 | D:5      | Found a snail-covered altar of Cheibriados.
  2640 | D:5      | HP: 1/47 [iguana (10)]
  2931 | D:5      | Reached skill level 7 in Axes
  3017 | D:5      | Noticed an ice beast
  3018 | D:5      | Noticed a yak
  3059 | D:4      | Found a staircase to the Ecumenical Temple.
  3110 | Temple   | Entered the Ecumenical Temple
  3149 | Temple   | Became a worshipper of Warmaster Okawaru
  3149 | Temple   | Reached * piety under Okawaru
  3149 | Temple   | Reached ** piety under Okawaru
  3270 | D:4      | Got a crude bronze ring
  3395 | D:4      | Killed Alarkh's ghost
  3395 | D:4      | Reached XP level 7. HP: 31/52 MP: 3/7
  3418 | D:4      | Found an ancient bone altar of Kikubaaqudgha.
  3733 | D:4      | Found a glowing golden altar of the Shining One.
  4096 | D:5      | Found a sparkling altar of Nemelex Xobeh.
  4141 | D:5      | Noticed a yak
  4143 | D:5      | Noticed a yak
  4153 | D:5      | Killed a yak
  4153 | D:5      | Reached skill level 8 in Axes
  4164 | D:5      | Killed a yak
  4175 | D:5      | Killed a yak
  4175 | D:5      | Reached skill level 9 in Axes
  4175 | D:5      | Gained mutation: You have sharp toenails. [demonic ancestry]
  4175 | D:5      | Reached XP level 8. HP: 21/58 MP: 5/8
  4228 | D:5      | Found a hide-covered altar of Uskayaw.
  4441 | D:6      | Found a radiant altar of Vehumet.
  4463 | D:6      | Found a sparkling altar of Nemelex Xobeh.
  4508 | D:6      | Reached *** piety under Okawaru
  4570 | D:6      | Reached skill level 10 in Axes
  4890 | D:6      | Identified the ring "Fito" {+Fly Dex+4} (You found it on level 4 of the Dungeon)
  4911 | D:6      | Noticed a deep elf mage
  5026 | D:6      | Noticed an orange demon
  5028 | D:6      | HP: 2/58 [orange demon[a deep elf mage] (9)]
  5029 | D:6      | Noticed a red devil
  5029 | D:6      | Succumbed to an orange demon's poison

Vault maps used:
D:1:      eino_arrival_water_cross, due_unseen_surprise
D:2:      lemuel_crystal_altar, nicolae_overflow_hidden_temple,
          nicolae_ru_sacrificial_ziggurat
D:3:      lemuel_round_altar, lemuel_coloured_pillars_altar
D:4:      kiku_gazebo_garden_becter, temple_pool_b,
          hangedman_abyss_or_decor_passed, nicolae_tso_carved_into_rock
D:5:      overflow_temple_1_default, cheibriados_altar_1, first_bread,
          hangedman_feature_mirror, minivault_23, columned_hall_lemuel,
          minmay_misc_feat_pillars, st_stairs_7, minmay_misc_feat_square
D:6:      vehumet_altar_wand_db, lemuel_round_altar, serial_glass,
          glass_columns_a, glass_columns_a, glass_columns_b, glass_columns_a,
          glass_columns_c, glass_columns_b, glass_columns_b, glass_columns_c,
          glass_columns_b, glass_columns_a, item_on_display_a,
          guppyfry_early_elven_hall
Temple:   corrupted_temple

Skill      XL: |  1  2  3  4  5  6  7  8 |
---------------+-------------------------+-----
Axes           | 3 4 5 6 7 9 10 | 10.7
Fighting       | |  3.0
Dodging        | |  2.6
Stealth        | |  1.7

Action                   |  1- 3 |  4- 6 |  7- 9 || total
-------------------------+-------+-------+-------++-------
Melee: Hand axe          |   165 |   135 |   107 ||   407
       Punch             |       |     1 |       ||     1
       Battleaxe         |       |       |    41 ||    41
       Kick              |       |       |    31 ||    31
Invok: Heroism           |       |     2 |     5 ||     7
  Use: Potion            |     3 |     5 |     1 ||     9
       Scroll            |     1 |       |     6 ||     7
 Stab: Sleeping          |     7 |     4 |     4 ||    15
  Eat: Chunk             |     3 |     5 |     5 ||    13
Armor: Robe              |    36 |    26 |    28 ||    90
Dodge: Dodged            |   138 |    79 |    89 ||   306
